 Dungeon Crawl Stone Soup version 0.31-a0-455-g1a7b003ef0 (webtiles) character file.

Game seed: 12655876203266470656

16 floatRand the Ruffian (level 2, -3/23 HPs)
             Began as a Meteoran Shapeshifter on Aug 3, 2023.
             Killed by divine providence
             ... invoked by an orc priest
              (16 damage)
             ... on level 3 of the Dungeon.
             The game lasted 00:00:53 (233 turns).

floatRand the Ruffian (Meteoran Shapeshifter)        Turns: 233, Time: 00:00:54

Health: -3/23      AC:  2    Str: 16    XL:     2   Next: 94%
Magic:  3/3        EV: 12    Int:  9    God:
Gold:   24         SH:  0    Dex: 14    Spells: 1/1 levels left

rFire   . .          .
                       - Unarmed
rCold   . . .        (no shield)
rNeg    . . .        a - +0 animal skin
rPois   .            (helmet currently unavailable)
rElec   .            (cloak currently unavailable)
rCorr   .            (gloves currently unavailable)
SInv    .            (boots currently unavailable)
Will    .....        (no amulet)
Stlth   +            (no ring)
HPRegen 0.23/turn    (no ring)
MPRegen 0.08/turn

%: no passive effects
@: confused, beast-form, glowing
A: beast (slay +2), sense surroundings 1, otherworldly, glowing, explore regen
a: Begin Untransformation


You were on level 3 of the Dungeon.
You were a hulking beast.
You visited 1 branch of the dungeon, and saw 3 of its levels.

You collected 24 gold pieces.

Inventory:

Armour
 a - a +0 animal skin (worn)
Talismans
 c - a beast talisman (active)
Scrolls
 e - a scroll of noise {unknown}
Potions
 b - a potion of lignification
 d - 2 potions of brilliance {unknown}


   Skills:
 - Level 1.1 Fighting
 - Level 2.4 Dodging
 * Level 4.3 Unarmed Combat
 + Level 3.9 Shapeshifting


You had one spell level left.
You didn't know any spells.
Your spell library was empty.

Dungeon Overview and Level Annotations

Branches:
Dungeon (3/15) Zot: 1568

Altars:

Shops:
D:1 (


Innate Abilities, Weirdness & Mutations

You are a hulking beast.
Your limbs bulge with bestial killing power. (Slay +2)
You passively map a small area around you.
You are easily found by Zot.
You glow in the dark.
You regain HP and MP as you explore.


Message History

You feel sick.
You feel sick.
You feel sick.
You feel sick.
You feel sick.
You feel sick.
You feel sick.
You are no longer poisoned.
An endoplasm comes into view.
An orc wizard comes into view. It is wielding a +0 dagger.
The orc wizard shouts!
The endoplasm quivers.
You hear a shout!
An orc comes into view. It is wielding a +0 falchion.
An orc comes into view. It is wielding a +0 club.
The orc shouts! x2
The orc wizard casts a spell.
The orc wizard flickers and vanishes!
Deactivating autopickup; reactivate with Ctrl-A.
An orc priest comes into view. It is wielding a +0 mace.
An orc comes into view. It is wielding a +0 dagger.
The endoplasm completely misses you.
You hit the endoplasm but do no damage. The endoplasm hits you.
You punch the endoplasm!
You kill the endoplasm!
A magic dart appears from out of thin air!
The magic dart hits you!
You hear some strange, mumbled words.
Something tries to affect you, but you resist.
The orc shouts!
A magic dart appears from out of thin air!
The magic dart hits you.
An orc wizard appears from thin air!
Reactivating autopickup.
The orc wizard gestures at you while chanting.
You are confused.
The orc priest calls down the wrath of Beogh upon you.
Beogh smites you!
Ouch! That really hurt!
You die...

#.# #.#
######.#
#......######
#.####oo...o#
#.# ######o#
#.# #o# #.#
#o## * #.#
#h.# , .o#
##.## ** #o#
** #..# ,,
.o.
.........# ,
..o
,.o.......# ~
~ ~~.~~~.~.#
~~~~~~~≈~#
≈≈≈≈≈≈≈≈≈#
##≈≈≈≈≈≈≈#


You could see an orc priest, an orc wizard and 2 orcs.

Vanquished Creatures
  An adder (D:3)
  An endoplasm (D:3)
  A hobgoblin (D:2)
  A quokka (D:1)
  A frilled lizard (D:1)
  2 kobolds
7 creatures vanquished.

Notes
Turn   | Place    | Note
-------+----------+-------------------------------------------
     0 | D:1      | floatRand the Meteoran Shapeshifter began the quest for the
                  | Orb.
     0 | D:1      | Reached XP level 1. HP: 16/16 MP: 2/2
    38 | D:1      | Found Jytilo's Weapon Shoppe.
   155 | D:2      | Reached skill level 4 in Unarmed Combat
   155 | D:2      | Reached XP level 2. HP: 19/23 MP: 3/3
   233 | D:3      | Killed from afar by an orc priest

Illustrated notes

Levels and vault maps discovered:
D:1:      onia_arrival_mini_maze, layout_rooms, serial_shops, shop, shop,
          nicolae_shop_stone
D:2:      layout_loops_ring, hellmonk_ecumenical_altar_dog_temple, uniq_sigmund,
          uniq_terence, uniq_crazy_yiuf_cottage
D:3:      minmay_goblin_kobold_castle, layout_loops_ring

Skill      XL: |  1 |
---------------+----+-----
Unarmed Combat | 4 |  4.3
Fighting       | |  1.1
Dodging        | |  2.4
Shapeshifting  | |  3.9

Action                     || total
---------------------------++-------
  Melee: Unarmed           ||    22
         Punch             ||     1
 Armour: Animal skin       ||     3
  Dodge: Dodged            ||     9

Table legend: (Time is in decaauts)
 A = Elapsed time spent in this place.
 B = Non-inter-level travel time spent in this place.
 C = Inter-level travel time spent in this place.
 D = Time resting spent in this place.
 E = Time spent auto-exploring this place.
 F = Levels seen in this place.
 G = Mean time per level.
                   A        B        C        D        E       F      G
               +--------+--------+--------+--------+--------+-----+--------+
         Total |    230 |    230 |      0 |      0 |      0 |   3 |   76.7 |
       Dungeon |    230 |    230 |      0 |      0 |      0 |   3 |   76.7 |
               +--------+--------+--------+--------+--------+-----+--------+

Top non-repeatable levels by time:
     D:1: 113 daAuts
     D:2: 60 daAuts
     D:3: 57 daAuts
